 Dungeon Crawl Stone Soup version bcrawl-1.21.2-20-g6d45ba5942 (webtiles) character file.

Game seed: 9626644982233735452

141 MisterOstroum the Sneak (level 5, -6/30 HPs)
             Began as a Vine Stalker Archaeologist on Feb 26, 2020.
             Was a Follower of Zin.
             Mangled by a worm (7 damage)
             ... on level 3 of the Dungeon.
             The game lasted 00:06:31 (2490 turns).

MisterOstroum the Sneak (VSAc)                      Turns: 2490, Time: 00:06:31

Health: -6/30      AC:  6    Str: 14    XL:     5   Next: 24%
Magic:  6/6        EV: 13    Int: 14    God:    Zin [*.....]
Gold:   177        SH:  0    Dex: 13    Spells: 4/4 levels left

rFire    . . .     SeeInvis +   a - +0 short sword
rCold    . . .     Gourm    +   (no shield)
rNeg     . . .     Faith    .   u - +0 leather armour
rPois    .         Spirit   .   j - +1 hat
rElec    .         Reflect  .   (no cloak)
rCorr    .         Harm     .   (no gloves)
MR       .....                  d - +1 pair of boots
Stlth    +++++.....             l - amulet of the gourmand
HPRegen  0.50/turn              m - ring of stealth
MPRegen  0.10/turn              w - ring of see invisible

@: no status effects
A: fangs 2, regeneration 1, no potion heal 3, rot immunity, strong jaws
a: Recite, Donate Gold, Renounce Religion


You were on level 3 of the Dungeon.
You worshipped Zin.
Zin was aware of your devotion.
You were completely stuffed.

You visited 1 branch of the dungeon, and saw 3 of its levels.

You collected 196 gold pieces.
You donated 19 gold pieces to Zin.

Inventory:

Hand Weapons
 a - a +0 short sword (weapon)
 b - a +0 hunting sling
 c - a +0 dagger
Missiles
 i - 57 needles of confusion
 n - 509 stones (quivered)
 q - 198 arrows
 r - 474 sling bullets
 s - 41 tomahawks
Armour
 d - a +1 pair of boots (worn)
 h - a +1 robe
 j - a +1 hat (worn)
 u - a +0 leather armour (worn)
Magical Staves
 z - an uncursed staff of summoning {unknown}
Jewellery
 l - an amulet of the gourmand (around neck)
 m - a ring of stealth (left hand)
 w - a ring of see invisible (right hand)
Scrolls
 g - 2 scrolls of magic mapping {@r5 !r}
 k - a scroll of identify {unknown}
 o - a scroll of teleportation {unknown}
 t - 2 scrolls of fog {unknown}
 v - 2 scrolls of remove curse {unknown}
 x - a scroll of noise {unknown}
 y - a scroll of amnesia {unknown}
Comestibles
 e - 9 rations {!d}
 p - 5 chunks of flesh


   Skills:
 + Level 2.2 Fighting
 * Level 2.7 Short Blades
   Level 0.8 Maces & Flails
 + Level 3.7 Dodging
 - Level 5.0 Stealth


You had 4 spell levels left.
You didn't know any spells.
Your spell library was empty.

Dungeon Overview and Level Annotations

Branches:
Dungeon (3/12)

Altars:
Ashenzari
Zin

Annotations:
D:3 Grinder


Innate Abilities, Weirdness & Mutations

You have extremely sharp teeth.
Your natural rate of healing is unusually fast.
Potions cannot restore your health.
You are immune to rotting.
Your bites deal extra damage.


Message History

Butcher a bat corpse? [(y)es/(n)o/(a)ll/(q)uit/?]
You butcher the bat corpse.
You butcher the jackal corpse. x2
p - 3 chunks of flesh (gained 1);
p - 4 chunks of flesh (gained 1)
p - 5 chunks of flesh (gained 1)
Things that are here:
a bat skeleton; a jackal skeleton x2
Things that are here:
a +0 club; a goblin corpse; a jackal corpse You butcher the jackal corpse.
p - 6 chunks of flesh (gained 1)
Things that are here:
a +0 club; a goblin corpse; a jackal skeleton It would be a sin to butcher the goblin corpse!
It would be a sin to butcher the goblin corpse!
You see here a +0 club.
There isn't anything to butcher here.
There isn't anything to butcher here.
Found a stone staircase leading down.
Found a short runed staff.
Okay, then.
Eating one of 6 chunks of flesh.
You eat one of the 6 chunks of flesh.
This raw flesh tastes great.
The orc is too close now for your liking.
The orc shouts!
You see here a short runed staff.
z - a short runed staff No target in view!
No target in view!
No target in view!
The orc hits you but does no damage.
Found a ration.
You barely miss the orc. The orc hits you with a +0 dagger.
You hit the orc.
The orc is moderately wounded.
The orc hits you but does no damage.
You puncture the orc!
You kill the orc!
You hit the hobgoblin.
The hobgoblin is almost dead.
The hobgoblin barely misses you.
You barely miss the hobgoblin.
The hobgoblin is almost dead.
The hobgoblin hits you but does no damage.
You hit the hobgoblin but do no damage.
The hobgoblin is almost dead.
The hobgoblin hits you but does no damage.
You hit the hobgoblin.
You kill the hobgoblin!
No target in view!
No target in view!
Items here: )) [ † a +0 club; a +0 dagger; a +0 scale mail; an orc corpse It would be a sin to butcher the orc corpse!
e - 9 rations {!d} (gained 1)
You now have 177 gold pieces (gained 2).
Items here: )) [ † a +0 club; a +0 dagger; a +0 scale mail; an orc corpse A centaur comes into view.
The centaur shouts!
The centaur wields a +0 shortbow.
The centaur shoots an arrow.
The arrow hits you!
The centaur shoots an arrow.
The arrow hits you!
* * * LOW HITPOINT WARNING * * *
The centaur shoots an arrow.
The arrow completely misses you.
A worm comes into view.
The centaur shoots an arrow.
The arrow barely misses you.
The centaur unwields a +0 shortbow.
The centaur barely misses you.
You hit the centaur.
The centaur is lightly wounded.
The centaur barely misses you.
The centaur hits you but does no damage.
The centaur wields a +0 shortbow.
The centaur shoots an arrow.
The arrow barely misses you.
The centaur unwields a +0 shortbow.
The centaur misses you. The worm bites you but does no damage.
You hit the centaur.
The centaur is moderately wounded.
The centaur misses you. The centaur barely misses you.
You barely miss the centaur. You bite the centaur, but do no damage.
The centaur is moderately wounded.
The centaur hits you. The worm bites you!
* * * LOW HITPOINT WARNING * * *
You aren't carrying any potions.
Okay, then.
Unknown command.
You're too full to eat anything.
Unknown command.
As you read the scroll of acquirement, it crumbles to dust.
Acquire which item? (Press ! for descriptions.) A: +1 rapier of freezing; B: +0 medium shield of cold resistance C: amulet of Ufrux {RegenMP rElec Dex+5} D: manual of Stealth; E: staff of poison; F: wand of scattershot (6) G: 5 rations; H: 1306 gold pieces Acquire the wand of scattershot (6)? (y/n)
Something appears at your feet! The centaur barely misses you.
The centaur hits you.
* * * LOW HITPOINT WARNING * * *
The worm bites you!
You die...

##.......
#........##........
#........##........
#.^......##........
#........##........
#........##........
....... ##........
#wc.# ##.........
#@# #.)........ #.#
##.#........ #.#
#..#........ #.#
###.##...#####
##.###...###.##.g..
#..#...### ###.....
#>#..### #.....5
#.#.## #......
#...# ###......


You could see a centaur and a worm.

Vanquished Creatures
  3 adders (D:3)
  3 worms (D:3)
  3 dart slugs
  4 leopard geckos
  5 orcs
  14 giant cockroaches
  7 goblins
  9 hobgoblins
  5 jackals
  3 quokkas
  2 ball pythons
  9 bats
  5 frilled lizards
  4 kobolds
  7 rats
83 creatures vanquished.

Notes
Turn   | Place    | Note
-------+----------+-------------------------------------------
     0 | D:1      | MisterOstroum the Vine Stalker Archaeologist began the
                  | quest for the Orb.
     0 | D:1      | Reached XP level 1. HP: 11/11 MP: 2/2
    43 | D:1      | Reached skill level 1 in Fighting
   368 | D:1      | Reached XP level 2. HP: 15/16 MP: 3/3
   460 | D:1      | Reached skill level 1 in Short Blades
  1002 | D:2      | Reached XP level 3. HP: 20/20 MP: 4/4
  1720 | D:3      | Reached XP level 4. HP: 26/26 MP: 5/5
  1872 | D:3      | Reached skill level 5 in Stealth
  2001 | D:3      | Reached XP level 5. HP: 30/30 MP: 6/6
  2001 | D:3      | Identified a scroll of acquirement
  2170 | D:3      | Noticed Grinder
  2183 | D:3      | Paralysed by Grinder for 3 turns
  2330 | D:3      | Found a glowing silver altar of Zin.
  2342 | D:3      | Found a shattered altar of Ashenzari.
  2348 | D:3      | Became a worshipper of Zin the Law-Giver
  2348 | D:3      | Reached * piety under Zin
  2479 | D:3      | Noticed a centaur
  2490 | D:3      | Identified the amulet of Ufrux {RegenMP rElec Dex+5} (You
                  | acquired it on level 3 of the Dungeon)
  2490 | D:3      | HP: 1/30 [centaur (4)]
  2490 | D:3      | Mangled by a worm

Skill      XL: |  1  2  3  4 |
---------------+-------------+-----
Fighting       | 1 2 |  2.2
Short Blades   | 1 2 |  2.7
Stealth        | 5 |  5.0
Maces & Flails | |  0.8
Dodging        | |  3.7

Action                   |  1- 3 |  4- 6 || total
-------------------------+-------+-------++-------
Melee: Dagger            |   146 |    13 ||   159
       Whip              |     2 |       ||     2
       Bite              |    16 |    22 ||    38
       Short sword       |    25 |   124 ||   149
 Fire: Hunting sling     |    17 |       ||    17
Throw: Stone             |       |     4 ||     4
  Use: Scroll            |       |     1 ||     1
       Potion            |       |     1 ||     1
 Stab: Sleeping          |    16 |    15 ||    31
  Eat: Chunk             |    13 |     3 ||    16
Armor: Robe              |    78 |       ||    78
       Leather armour    |       |    39 ||    39
Dodge: Dodged            |   123 |   102 ||   225
